Map: Acid Plant LE

Players

Cham - Winner!

  • Race: Zerg Zerg
  • Spawn Location: 11:00

GOStephano (Stephano)

  • Race: Zerg Zerg
  • Spawn Location: 5:00

Event: WCS Austin 2018

VOD

Have the link to the VOD?

Description

Time

  • Played on: June 1, 2018, 3:06 p.m.
  • Length: 12:57

All games in this series

Show
View Real Time Build Order
Export as new Build Order

Cham Zerg - Winner!

Build Orders: Hatch First, Muta Ling Bane 

Get SALT Encoding   

  12  0:00  Drone  
  13  0:08  Drone  
  14  0:18  Overlord  
  14  0:36  Drone x3  
  17  0:52  Hatchery  
  17  0:56  Drone  
  17  0:59  Drone  
  17  1:02  Extractor  
  17  1:14  Spawning Pool  
  17  1:17  Drone  
  17  1:21  Drone  
  18  1:30  Drone  
  19  1:46  Overlord  
  19  1:57  Drone  
  20  2:01  Queen, Metabolic Boost  
  20  2:03  Queen  
  20  2:07  Drone  
  25  2:09  Drone  
  25  2:14  Drone x2  
  28  2:32  Hatchery  
  28  2:36  Drone  
  28  2:37  Drone  
  28  2:41  Zergling x2  
  30  2:46  Queen  
  30  2:48  Drone  
  33  2:53  Overlord  
  33  2:57  Zergling x2  
  34  3:01  Overlord  
  34  3:07  Baneling Nest  
  34  3:12  Zergling x2  
  34  3:13  Drone  
  34  3:14  Drone  
  34  3:18  Drone, Zergling x2  
  38  3:23  Drone x2  
  40  3:28  Drone x2  
  40  3:31  Drone  
  43  3:41  Lair  
  43  3:42  Drone  
  43  3:43  Drone x2  
  46  3:49  Overlord, Extractor  
  46  3:53  Baneling, Zergling x4  
  47  3:56  Zergling x2  
  47  3:57  Zergling x2  
  47  3:59  Baneling  
  47  4:00  Zergling x2  
  50  4:05  Zergling x4  
  50  4:09  Drone x2  
  54  4:17  Drone  
  54  4:20  Baneling x2  
  54  4:22  Zergling x4  
  54  4:23  Drone x4  
  59  4:24  Drone  
  59  4:27  Extractor  
  59  4:28  Extractor, Zergling x4  
  60  4:34  Overlord  
  60  4:35  Drone  
  61  4:44  Drone  
  62  4:47  Drone x2, Spire  
  62  4:48  Drone x2  
  62  4:52  Drone  
  66  4:53  Overlord  
  66  4:55  Drone  
  66  4:58  Drone x2  
  64  5:01  Overlord  
  64  5:10  Drone x2  
  64  5:13  Overlord  
  63  5:15  Zergling x4  
  63  5:21  Zergling x10  
  64  5:23  Zergling x4  
  64  5:24  Zergling x2  
  64  5:28  Zergling x4  
  72  5:35  Baneling, Zergling x2  
  73  5:36  Baneling  
  73  5:38  Zergling x4  
  73  5:41  Zergling x4  
  73  5:42  Zergling x2  
  76  5:46  Zergling x2  
  76  5:47  Queen, Zergling x2  
  76  5:48  Baneling x2  
  78  5:50  Drone x2  
  78  5:54  Overlord  
  79  5:59  Drone x3  
  79  6:00  Overlord  
  79  6:02  Mutalisk  
  84  6:04  Mutalisk  
  84  6:07  Mutalisk  
  88  6:11  Mutalisk  
  88  6:13  Mutalisk  
  88  6:15  Mutalisk  
  88  6:17  Mutalisk  
  96  6:24  Extractor  
  96  6:25  Drone x3, Extractor  
  96  6:27  Drone x3  
  96  6:33  Mutalisk  
  96  6:37  Overlord, Mutalisk  
  100  6:46  Mutalisk  
  101  6:48  Zergling x4  
  101  6:49  Overlord, Zergling x2  
  101  6:51  Zergling x4  
  106  6:56  Mutalisk  
  106  6:58  Zergling x8  
  112  7:03  Mutalisk  
  112  7:05  Zergling x6  
  109  7:09  Mutalisk  
  109  7:12  Zergling x6  
  109  7:13  Zergling x2  
  109  7:14  Mutalisk  
  115  7:19  Mutalisk  
  108  7:26  Mutalisk, Queen  
  105  7:30  Zergling x2  
  105  7:32  Zergling x2  
  105  7:33  Zergling x4  
  105  7:36  Zergling x6  
  101  7:47  Mutalisk x2  
  101  7:49  Zergling x4  
  103  7:52  Zergling x2  
  103  8:01  Queen x2  
  103  8:03  Zergling x6  
  110  8:08  Centrifical Hooks  
  110  8:11  Mutalisk  
  112  8:13  Zergling x6  
  112  8:16  Mutalisk  
  112  8:18  Zergling x6  
  120  8:22  Mutalisk  
  120  8:24  Zergling x2  
  120  8:25  Zergling x2  
  120  8:27  Zergling x2  
  124  8:29  Zergling x4  
  123  8:34  Zergling x6  
  123  8:36  Mutalisk  
  128  8:42  Zergling x2  
  129  8:49  Overlord x3  
  129  8:50  Overlord  
  129  8:59  Baneling x3  
  129  9:00  Baneling  
  129  9:01  Overlord  
  129  9:02  Overlord  
  129  9:04  Overlord  
  129  9:07  Overlord  
  130  9:10  Zergling x6  
  130  9:13  Zergling x4  
  135  9:17  Zergling x4  
  135  9:19  Zergling x2  
  135  9:21  Zergling x2  
  135  9:34  Zergling x2  
  132  9:38  Zergling x2  
  132  9:39  Zergling x2  
  132  9:42  Zergling x2  
  132  9:43  Zergling x2  
  129  9:46  Baneling  
  129  9:47  Baneling x11  
  129  9:48  Zergling x8  
  133  9:53  Zergling x6  
  133  9:59  Zergling x6  
  137  10:01  Zerg Flyer Weapons Level 1  
  137  10:02  Baneling  
  137  10:03  Baneling x3, Overseer  
  137  10:04  Zergling x2  
  137  10:05  Zergling x6  
  137  10:06  Zergling x2  
  142  10:10  Baneling  
  142  10:12  Zergling x4  
  144  10:19  Baneling x3, Zergling x2  
  119  10:36  Mutalisk  
  119  10:40  Zergling x2  
  120  10:43  Zergling x10  
  120  10:44  Zergling x4  
  120  10:48  Mutalisk x3  
  131  10:54  Zergling x2  
  132  10:58  Baneling x9  
  132  10:59  Baneling x5  
  132  11:00  Zergling x2  
  132  11:01  Zergling x2  
  132  11:03  Zergling x4  
  136  11:06  Hatchery  
  136  11:07  Drone x2  
  136  11:09  Zergling x2  
  136  11:10  Zergling x2  
  139  11:13  Baneling x2  
  139  11:14  Baneling x3  
  139  11:15  Drone, Baneling  
  140  11:19  Baneling x2  
  140  11:21  Drone x2  
  140  11:22  Drone  
  140  11:23  Zergling x2  
  144  11:27  Drone x2, Zergling x2  
  144  11:31  Baneling  
  144  11:32  Baneling x3  
  123  11:51  Mutalisk x4  
  123  11:52  Mutalisk x4  
  130  11:56  Mutalisk  
  130  12:00  Mutalisk x2  
  131  12:02  Zergling x4  
  133  12:14  Mutalisk x3  
  139  12:16  Zergling x6  
  139  12:22  Overseer  
  142  12:27  Drone  
  142  12:28  Mutalisk, Drone x2  
  147  12:31  Zergling x2  
  147  12:33  Overseer  
  147  12:36  Zergling x4  
  150  12:38  Baneling x3  
  150  12:39  Zergling x2  
Show
View Real Time Build Order
Export as new Build Order

GOStephano Zerg 

Build Orders: Hatch First, Lurkers, Roach Hydra 

Get SALT Encoding   

  12  0:00  Drone  
  13  0:13  Overlord  
  13  0:17  Drone  
  14  0:31  Drone x2  
  16  0:48  Hatchery  
  15  0:51  Drone  
  15  0:55  Drone  
  17  0:58  Drone  
  18  1:09  Extractor  
  17  1:14  Spawning Pool  
  17  1:17  Drone  
  17  1:20  Drone  
  18  1:28  Drone  
  19  1:39  Drone  
  20  1:50  Drone  
  21  2:01  Drone, Queen x2  
  22  2:02  Overlord  
  26  2:08  Metabolic Boost  
  26  2:11  Zergling x2  
  26  2:13  Zergling x2  
  28  2:31  Hatchery, Drone  
  28  2:35  Drone  
  29  2:40  Baneling Nest  
  29  2:43  Drone  
  29  2:45  Drone  
  29  2:50  Overlord  
  30  2:53  Drone  
  31  3:00  Drone x2  
  33  3:11  Zergling x8  
  37  3:15  Drone x2  
  37  3:18  Overlord  
  39  3:21  Drone x2  
  39  3:26  Zergling x2  
  41  3:31  Baneling  
  41  3:33  Baneling  
  41  3:34  Baneling  
  41  3:35  Zergling x4  
  43  3:42  Drone  
  43  3:46  Drone x2  
  43  3:47  Drone x2  
  43  3:48  Queen  
  50  3:52  Drone x3  
  50  3:54  Extractor  
  52  3:57  Evolution Chamber  
  51  4:09  Drone x2  
  52  4:19  Drone x3  
  52  4:21  Lair  
  52  4:24  Drone  
  55  4:26  Extractor  
  55  4:28  Roach Warren  
  53  4:33  Zergling x6  
  53  4:34  Overlord, Drone  
  53  4:35  Overlord  
  53  4:38  Zerg Missile Weapons Level 1  
  57  4:44  Baneling x2  
  57  4:51  Drone  
  58  4:54  Zergling x6  
  58  4:55  Drone x2, Zergling x4  
  58  4:56  Drone  
  65  5:00  Drone x2  
  67  5:08  Drone  
  67  5:10  Overlord  
  66  5:19  Drone x2  
  66  5:24  Glial Reconstitution  
  66  5:28  Overlord  
  66  5:33  Overlord  
  66  5:34  Overlord  
  66  5:36  Drone x3  
  68  5:44  Roach x5  
  68  5:49  Hatchery  
  77  5:50  Roach x2  
  77  5:54  Baneling x2  
  77  5:56  Roach x6  
  89  6:01  Roach x4  
  97  6:07  Roach  
  99  6:12  Roach  
  99  6:13  Roach  
  103  6:20  Roach  
  103  6:22  Overlord x5  
  104  6:30  Overlord  
  104  6:32  Overlord  
  104  6:35  Overlord, Zerg Missile Weapons Level 2  
  104  6:37  Baneling x2  
  104  6:40  Overlord  
  104  6:44  Roach x4, Extractor  
  109  6:47  Roach  
  109  6:50  Extractor x2  
  109  6:51  Drone x4  
  113  6:58  Drone x5  
  117  7:09  Roach x6  
  123  7:17  Drone x2  
  121  7:23  Hydralisk Den  
  121  7:24  Spore Crawler  
  111  7:32  Drone  
  111  7:35  Drone x4  
  111  7:36  Spore Crawler x2  
  100  7:40  Drone x3  
  93  7:49  Spore Crawler  
  90  7:53  Hydralisk x5  
  90  7:55  Muscular Augments  
  90  7:56  Drone x3  
  95  8:02  Spore Crawler, Hydralisk x3  
  100  8:06  Spore Crawler  
  100  8:07  Spore Crawler  
  100  8:11  Hydralisk  
  102  8:13  Hydralisk  
  102  8:14  Hydralisk  
  102  8:16  Hydralisk  
  108  8:23  Hydralisk x3  
  114  8:27  Hydralisk x2  
  114  8:29  Hydralisk  
  114  8:30  Hydralisk  
  120  8:37  Queen  
  118  8:43  Drone  
  118  8:44  Drone x2  
  120  8:48  Extractor  
  120  8:49  Hydralisk x2  
  120  8:50  Hydralisk  
  120  8:51  Zerg Ground Armor Level 1  
  120  8:55  Lurker Den  
  124  8:57  Spore Crawler  
  124  9:00  Drone x5  
  128  9:10  Spore Crawler  
  127  9:20  Overlord  
  127  9:22  Grooved Spines  
  127  9:23  Overlord  
  121  9:32  Drone x4  
  121  9:33  Drone  
  121  9:43  Drone x4  
  121  9:45  Hydralisk x7  
  134  9:58  Spore Crawler  
  134  9:59  Roach x5  
  143  10:04  Spore Crawler  
  142  10:14  Overlord x3  
  142  10:15  Spore Crawler  
  142  10:20  Spore Crawler  
  140  10:22  Infestation Pit  
  129  10:31  Hydralisk  
  129  10:32  Hydralisk x7  
  114  10:41  Roach x3  
  116  10:49  Roach  
  118  10:50  Overlord, Roach  
  118  10:52  Lurker x2  
  118  10:56  Roach  
  122  10:58  Overlord  
  122  10:59  Overlord  
  122  11:01  Hive  
  122  11:16  Lurker  
  122  11:17  Overlord  
  123  11:24  Drone x2  
  123  11:25  Drone  
  126  11:28  Drone x2  
  126  11:31  Lurker x2  
  128  11:42  Roach  
  128  11:43  Roach x6  
  112  11:50  Hydralisk x2  
  92  11:55  Hydralisk x2  
  96  12:02  Hydralisk  
  94  12:13  Hydralisk x2  
  87  12:22  Viper  
Tags
 
Add a new tag
Caveats
  • Supply blocks, unpowered buildings, or Contaminate may cause inaccurate times.
  • Supply counts are checked every 10 seconds.